[Event "ICCopen2017"]
[Site "Internet Chess Club"]
[Date "2017.03.26"]
[Round "2"]
[White "kingmate"]
[Black "Mad-Cobra"]
[Result "1-0"]
[ICCResult "Black resigns"]
[WhiteElo "2431"]
[BlackElo "1859"]
[Opening "Sicilian: Alapin's variation (2.c3)"]
[ECO "B22"]
[NIC "SI.46"]
[Time "19:16:59"]
[TimeControl "180+0"]

1. e4 c5 2. c3 d6 3. d4 cxd4 4. cxd4 Nc6 5. Nf3 g6 6. Nc3 Bg7 7. Be3 e6 8.
Bb5 Bd7 9. O-O Nge7 10. d5 exd5 11. Nxd5 Nxd5 12. exd5 Ne5 13. Bxd7+ Qxd7
14. Nxe5 Bxe5 15. Bh6 O-O-O 16. Rc1+ Kb8 17. Bg5 Rc8 18. Qd2 f5 19. Be3 b6
20. f4 Bg7 21. Bd4 Rhe8 22. Rc3 Bxd4+ 23. Qxd4 Qb5 24. Rxc8+ Kxc8 25. Rc1+
Kb8 26. h3 a5 27. Kh2 Qb4 28. Qxb4 axb4 29. Rc4 Re4 30. Rxe4 fxe4 31. Kg3
Kb7 32. Kf2 b5 33. Ke3 Kb6 34. Kxe4 Kc5 35. g4 Kc4 36. f5 gxf5+ 37. gxf5 b3
38. a3 b4 39. axb4 Kxb4 40. f6 h5 41. f7 {Black resigns} 1-0

[Event "ICCopen2017"]
[Site "Internet Chess Club"]
[Date "2017.03.26"]
[Round "2"]
[White "lestri"]
[Black "kutittaja"]
[Result "1-0"]
[ICCResult "Black checkmated"]
[WhiteElo "2569"]
[BlackElo "1583"]
[Opening "English: symmetrical, four knights system"]
[ECO "B38"]
[NIC "EO.64"]
[Time "19:16:49"]
[TimeControl "180+0"]

1. c4 Nf6 2. Nc3 c5 3. Nf3 Nc6 4. d4 cxd4 5. Nxd4 g6 6. e4 Bg7 7. Be3 d6 8.
Be2 O-O 9. O-O Bd7 10. Qd2 Re8 11. Rfd1 a6 12. f3 Rc8 13. Rac1 Ne5 14. b3
Bc6 15. Nxc6 Nxc6 16. Na4 Rb8 17. Bb6 Qd7 18. c5 Bf8 19. Bf1 Rec8 20. Qf2
Nb4 21. cxd6 exd6 22. Rxc8 Rxc8 23. Qd4 Ne8 24. Qxb4 Qb5 25. Bxb5 Rc5 26.
Nxc5 Nf6 27. Nd7 Bh6 28. Nxf6+ Kh8 29. Qxd6 a5 30. Bd4 a4 31. Nh5+ Kg8 32.
Qd8+ Bf8 33. Bg7 a3 34. Qxf8# {Black checkmated} 1-0

[Event "ICCopen2017"]
[Site "Internet Chess Club"]
[Date "2017.03.26"]
[Round "2"]
[White "Chamanx"]
[Black "Morad-Magdy"]
[Result "0-1"]
[ICCResult "White checkmated"]
[WhiteElo "1518"]
[BlackElo "2027"]
[Opening "Sicilian: Kan, 5.Nc3"]
[ECO "B43"]
[NIC "SI.41"]
[Time "19:17:05"]
[TimeControl "180+0"]

1. e4 c5 2. Nf3 e6 3. d4 cxd4 4. Nxd4 a6 5. Nc3 Qc7 6. Be2 Nf6 7. O-O Be7 8.
Be3 O-O 9. f4 d6 10. Bf3 Nbd7 11. g4 Rb8 12. g5 Ne8 13. f5 e5 14. Nde2 f6
15. g6 Qd8 16. Bh5 h6 17. Qd2 d5 18. Bxh6 Bc5+ 19. Kh1 gxh6 20. Qxd5+ Kg7
21. Qd2 b5 22. Rf3 Bb7 23. Rh3 Nb6 24. Bf3 Qxd2 25. Rd1 Qxc2 26. Rd7+ Nxd7
27. Nd5 Bxd5 28. exd5 e4 29. Bxe4 Qxe4+ 30. Rf3 Qxf3# {White checkmated} 0-1

[Event "ICCopen2017"]
[Site "Internet Chess Club"]
[Date "2017.03.26"]
[Round "2"]
[White "charlestehace"]
[Black "rencoroso"]
[Result "0-1"]
[ICCResult "White resigns"]
[WhiteElo "2919"]
[BlackElo "2113"]
[Opening "King's Indian, 3.Nf3"]
[ECO "E60"]
[NIC "QP.06"]
[Time "19:17:47"]
[TimeControl "180+0"]

1. d4 Nf6 2. Nf3 g6 3. c4 c5 4. Nc3 cxd4 5. Nxd4 d6 6. g3 Bg7 7. Bg2 O-O 8.
O-O a6 9. e4 Qc7 10. Qd3 Nc6 11. Nxc6 bxc6 12. h3 Be6 13. Bd2 Rab8 14. b3
Rfd8 15. Rac1 Qc8 16. Kh2 Qd7 17. f4 d5 18. cxd5 cxd5 19. e5 Ne4 20. Na4
Nxd2 21. Nc5 Nxf1+ 22. Qxf1 Qc6 {White resigns} 0-1

[Event "ICCopen2017"]
[Site "Internet Chess Club"]
[Date "2017.03.26"]
[Round "2"]
[White "tirandopiezas"]
[Black "arsam"]
[Result "0-1"]
[ICCResult "White checkmated"]
[WhiteElo "2021"]
[BlackElo "2692"]
[Opening "Sicilian, Chekhover variation"]
[ECO "B53"]
[NIC "SI.02"]
[Time "19:18:07"]
[TimeControl "180+0"]

1. e4 c5 2. Nf3 d6 3. d4 cxd4 4. Qxd4 Nf6 5. Bg5 a6 6. Nc3 Nc6 7. Qd2 e6 8.
O-O-O Be7 9. h4 h6 10. Bf4 e5 11. Bh2 Be6 12. Kb1 Rc8 13. Be2 b5 14. Qd3 Nb4
15. Qd2 Nxe4 16. Nxe4 Bxa2+ 17. Kc1 Rxc2+ 18. Qxc2 Nxc2 19. Kxc2 Qc8+ 20.
Kd2 d5 21. Nc3 Bb3 22. Rc1 d4 23. Ne4 Bb4+ 24. Kd3 Qc4+ 25. Rxc4 bxc4#
{White checkmated}
0-1

[Event "ICCopen2017"]
[Site "Internet Chess Club"]
[Date "2017.03.26"]
[Round "2"]
[White "bookseller"]
[Black "carpedef"]
[Result "0-1"]
[ICCResult "White checkmated"]
[WhiteElo "1367"]
[BlackElo "1809"]
[Opening "Sicilian: Kan, Maróczy bind (Réti variation)"]
[ECO "B41"]
[NIC "SI.41"]
[Time "19:17:03"]
[TimeControl "180+0"]

1. e4 c5 2. Nf3 e6 3. d4 cxd4 4. Nxd4 a6 5. c4 Qc7 6. Nc3 d6 7. Be3 Nf6 8.
Be2 Be7 9. O-O b6 10. Rc1 Bb7 11. f3 Nbd7 12. b3 Rc8 13. Qd2 O-O 14. Rfd1
Rfe8 15. Qe1 Qb8 16. Qf2 Bd8 17. Kh1 Bc7 18. Qe1 Qa8 19. Bg1 d5 20. cxd5
exd5 21. Nxd5 Nxd5 22. exd5 Bxd5 23. Qf1 b5 24. Nf5 Be6 25. Nd6 Bxd6 26.
Rxc8 Rxc8 27. Rxd6 Rc2 28. Qd1 Qc8 29. Bd3 Rc1 30. Qd2 Qc5 31. Be4 Qxg1#
{White checkmated}
0-1

[Event "ICCopen2017"]
[Site "Internet Chess Club"]
[Date "2017.03.26"]
[Round "2"]
[White "Dare-Dare"]
[Black "Butters"]
[Result "0-1"]
[ICCResult "White resigns"]
[WhiteElo "1939"]
[BlackElo "2499"]
[Opening "Bird's opening"]
[ECO "A03"]
[NIC "VO.07"]
[Time "19:17:17"]
[TimeControl "180+0"]

1. f4 d5 2. Nf3 Bf5 3. e3 Nf6 4. b3 e6 5. Bb2 Be7 6. d4 Nbd7 7. Bd3 Ne4 8.
c3 O-O 9. Nbd2 Nxc3 10. Bxc3 Bxd3 11. Nf1 Bxf1 12. Rxf1 Nf6 13. Ne5 Ne4 14.
Bd2 c5 15. Rf3 f6 16. Nd3 cxd4 17. exd4 Qb6 18. Be3 Rac8 19. Kf1 Rc3 20. Kg1
Rfc8 21. Rb1 Qa6 22. Nc1 Ba3 23. Ne2 Rc2 24. Ng3 Rxa2 25. Nxe4 dxe4 26. Rg3
Qd3 27. Qe1 Re2 {White resigns} 0-1

[Event "ICCopen2017"]
[Site "Internet Chess Club"]
[Date "2017.03.26"]
[Round "2"]
[White "beaupre"]
[Black "blunder23"]
[Result "1-0"]
[ICCResult "Black checkmated"]
[WhiteElo "1782"]
[BlackElo "1459"]
[Opening "Sicilian: closed"]
[ECO "B23"]
[NIC "SI.44"]
[Time "19:16:52"]
[TimeControl "180+0"]

1. e4 c5 2. Nc3 e6 3. f4 a6 4. Nf3 d5 5. Be2 d4 6. Nb1 Bd7 7. d3 Nc6 8. O-O
Nge7 9. Qe1 f5 10. Nbd2 b5 11. Kh1 g6 12. Ng5 Bh6 13. Ndf3 O-O 14. Qh4 Kg7
15. Bd2 b4 16. h3 a5 17. g4 Rh8 18. Nxe6+ Bxe6 19. g5 Nc8 20. Qxh6+ Kf7 21.
Ne5+ Nxe5 22. fxe5 Ne7 23. exf5 Bxf5 24. Bg4 Qd5+ 25. Kh2 Qxe5+ 26. Bf4 Qd5
27. Rae1 Rae8 28. Be5 Kg8 29. Qg7# {Black checkmated} 1-0

[Event "ICCopen2017"]
[Site "Internet Chess Club"]
[Date "2017.03.26"]
[Round "2"]
[White "CristianS"]
[Black "Siryk"]
[Result "0-1"]
[ICCResult "White resigns"]
[WhiteElo "2081"]
[BlackElo "2966"]
[Opening "Sicilian: Najdorf, Byrne (English) attack"]
[ECO "B90"]
[NIC "SI.14"]
[Time "19:17:44"]
[TimeControl "180+0"]

1. e4 c5 2. Nf3 d6 3. d4 cxd4 4. Nxd4 Nf6 5. Nc3 a6 6. Be3 e6 7. Be2 Nbd7 8.
f4 Qc7 9. O-O b5 10. Bf3 Bb7 11. f5 e5 12. Nde2 b4 13. Nd5 Bxd5 14. exd5 e4
15. Bxe4 Nxe4 16. Qd4 Nef6 17. Qxb4 Be7 18. c4 O-O 19. b3 Rfe8 20. Qd2 Ng4
21. Bd4 Bf6 22. h3 Rxe2 23. Qxe2 Bxd4+ 24. Kh1 Bxa1 {White resigns} 0-1

[Event "ICCopen2017"]
[Site "Internet Chess Club"]
[Date "2017.03.26"]
[Round "2"]
[White "iragefree"]
[Black "Soulbrother"]
[Result "1-0"]
[ICCResult "Black resigns"]
[WhiteElo "1651"]
[BlackElo "1350"]
[Opening "Old Indian defense"]
[ECO "A42"]
[NIC "OI.07"]
[Time "19:17:31"]
[TimeControl "180+0"]

1. d4 d6 2. c4 e6 3. e4 Be7 4. Nc3 Nf6 5. Bd3 e5 6. Nge2 Nbd7 7. O-O O-O 8.
f3 a6 9. a4 b6 10. d5 Nc5 11. Be3 Nxd3 12. Qxd3 Bd7 13. b4 c6 14. dxc6 Bxc6
15. b5 axb5 16. axb5 Rxa1 17. Rxa1 Bb7 18. Ra7 Nh5 19. Rxb7 Qa8 20. Rxe7
Qa1+ 21. Qd1 Qa3 22. Qd2 Nf4 23. Nxf4 exf4 24. Bxf4 d5 25. Nxd5 Qa1+ 26. Kf2
h6 27. Be5 Ra8 28. Bxa1 Rxa1 {Black resigns} 1-0

[Event "ICCopen2017"]
[Site "Internet Chess Club"]
[Date "2017.03.26"]
[Round "2"]
[White "rugsy"]
[Black "Ricardov"]
[Result "0-1"]
[ICCResult "White resigns"]
[WhiteElo "1434"]
[BlackElo "2189"]
[Opening "Ruy Lopez: Berlin defense"]
[ECO "C65"]
[NIC "RL.07"]
[Time "19:17:02"]
[TimeControl "180+0"]

1. e4 e5 2. Nf3 Nc6 3. Bb5 Nf6 4. Bxc6 dxc6 5. O-O Bg4 6. d3 Nd7 7. h3 Bxf3
8. Qxf3 Qf6 9. Qxf6 Nxf6 10. Bg5 Be7 11. Nc3 h6 12. Bxf6 Bxf6 13. f4 exf4
14. Rxf4 Be5 15. Rf3 c5 16. Raf1 f6 17. Nd1 O-O-O 18. c3 Rd7 19. Kf2 Rhd8
20. Ke2 b5 21. b3 c6 22. a4 Kb7 23. Re3 Kb6 24. Kd2 c4 25. d4 c5 26. d5 cxb3
27. axb5 c4 28. Nb2 Kxb5 29. Ref3 a5 30. Ra1 g6 31. Ra4 Rc8 32. Rf1 f5 33.
Rfa1 Ra7 34. exf5 gxf5 35. Ke3 Bxc3 {White resigns} 0-1

[Event "ICCopen2017"]
[Site "Internet Chess Club"]
[Date "2017.03.26"]
[Round "2"]
[White "fletcherdavid"]
[Black "JaqueMateus1"]
[Result "0-1"]
[ICCResult "White resigns"]
[WhiteElo "1868"]
[BlackElo "2351"]
[Opening "Nimzovich-Larsen attack: Indian variation"]
[ECO "A01"]
[NIC "VO.08"]
[Time "19:18:15"]
[TimeControl "180+0"]

1. b3 Nf6 2. Bb2 g6 3. Bxf6 exf6 4. c4 f5 5. Nc3 Bg7 6. g3 O-O 7. Bg2 d6 8.
e3 c6 9. Nge2 Nd7 10. O-O Nf6 11. d4 Re8 12. Rc1 a5 13. h4 Bh6 14. Qd2 Ng4
15. Nf4 f6 16. Rfe1 g5 17. Nd3 gxh4 18. gxh4 Bg7 19. Nf4 Kh8 20. a3 Qe7 21.
b4 axb4 22. axb4 Bh6 23. Nd3 Bf8 24. d5 Bd7 25. Nf4 Qg7 26. h5 Ne5 27. c5
Nf3+ {White resigns} 0-1

[Event "ICCopen2017"]
[Site "Internet Chess Club"]
[Date "2017.03.26"]
[Round "2"]
[White "DEHO"]
[Black "Kalmyk"]
[Result "0-1"]
[ICCResult "White resigns"]
[WhiteElo "2071"]
[BlackElo "2843"]
[Opening "Nimzo-Indian: classical variation"]
[ECO "E32"]
[NIC "NI.20"]
[Time "19:16:59"]
[TimeControl "180+0"]

1. d4 Nf6 2. c4 e6 3. Nc3 Bb4 4. Qc2 O-O 5. a3 Bxc3+ 6. Qxc3 d5 7. Bg5 c5 8.
dxc5 d4 9. Qc2 h6 10. Bd2 e5 11. e3 Nc6 12. Nf3 Re8 13. b4 d3 14. Qb2 e4 15.
Nd4 Ne5 16. O-O-O Nxc4 17. Qc3 b5 18. Nxb5 Be6 19. Nd4 Bd5 20. f3 a5 21. b5
Rc8 22. c6 a4 23. Nf5 Bxc6 24. bxc6 Rxc6 25. Nd4 Rc8 26. Kb1 Nd5 {White
resigns} 0-1

[Event "ICCopen2017"]
[Site "Internet Chess Club"]
[Date "2017.03.26"]
[Round "2"]
[White "hipopotamos"]
[Black "xvs"]
[Result "0-1"]
[ICCResult "White checkmated"]
[WhiteElo "1148"]
[BlackElo "1682"]
[Opening "Sicilian defense"]
[ECO "B30"]
[NIC "SI.31"]
[Time "19:17:56"]
[TimeControl "180+0"]

1. e4 c5 2. Nf3 Nc6 3. Nc3 e6 4. Bb5 Nge7 5. d3 a6 6. Ba4 b5 7. Bb3 Na5 8.
Qe2 Qc7 9. Qe3 c4 10. dxc4 bxc4 11. Ba4 Ng6 12. O-O Be7 13. Rd1 O-O 14. a3
Bb7 15. b4 cxb3 16. cxb3 d6 17. b4 Nc6 18. Bb2 Rac8 19. Rd2 Nce5 20. Rad1
Nc4 21. Qe2 Nxd2 22. Rxd2 Bf6 23. Nb5 axb5 24. Bxf6 bxa4 25. Bd4 e5 26. Be3
Bc6 27. Ne1 Bxe4 28. Bb6 Qxb6 29. Qxe4 Rc1 30. Rd3 Nf4 31. Rg3 d5 32. Qf3
Rxe1# {White checkmated} 0-1

[Event "ICCopen2017"]
[Site "Internet Chess Club"]
[Date "2017.03.26"]
[Round "2"]
[White "Sc6"]
[Black "mbanan"]
[Result "1-0"]
[ICCResult "Black forfeits on time"]
[WhiteElo "1633"]
[BlackElo "1303"]
[Opening "French: MacCutcheon, Lasker variation"]
[ECO "C12"]
[NIC "FR.05"]
[Time "19:16:51"]
[TimeControl "180+0"]

1. e4 e6 2. d4 d5 3. Nc3 Nf6 4. Bg5 Bb4 5. e5 h6 6. Bd2 Bxc3 7. bxc3 Ne4 8.
Bd3 Nxd2 9. Qxd2 f5 10. exf6 Qxf6 11. Ne2 Rf8 12. O-O Nd7 13. Ng3 g6 14.
Rae1 Nb6 15. Qxh6 Nc4 16. Qxg6+ Qxg6 17. Bxg6+ Ke7 18. Bh5 Nd2 19. Bg4 Nxf1
20. Nxf1 b6 21. Nd2 c5 22. Nf3 cxd4 23. Nxd4 {Black forfeits on time} 1-0

[Event "ICCopen2017"]
[Site "Internet Chess Club"]
[Date "2017.03.26"]
[Round "2"]
[White "erebuni2750"]
[Black "Ataraxia"]
[Result "1-0"]
[ICCResult "Black checkmated"]
[WhiteElo "2526"]
[BlackElo "1919"]
[Opening "Sicilian: Najdorf, Lipnitzky attack"]
[ECO "B86"]
[NIC "SI.13"]
[Time "19:18:34"]
[TimeControl "180+0"]

1. e4 c5 2. Nf3 d6 3. Nc3 Nf6 4. d4 cxd4 5. Nxd4 a6 6. Bc4 e6 7. O-O Be7 8.
Bb3 O-O 9. f4 Nc6 10. Kh1 Qb6 11. Be3 Ng4 12. Bg1 e5 13. Nf5 Qxg1+ 14. Kxg1
Bxf5 15. exf5 Ne3 16. Qh5 Nxf1 17. Rxf1 Nd4 18. Nd5 Bf6 19. Nxf6+ gxf6 20.
c3 Nxb3 21. Rf3 Rfd8 22. Qh6 Kh8 23. Rh3 Kg8 24. Rg3+ Kh8 25. Qg7#
{Black checkmated}
1-0

[Event "ICCopen2017"]
[Site "Internet Chess Club"]
[Date "2017.03.26"]
[Round "2"]
[White "ALexiz"]
[Black "KnightWalker"]
[Result "1-0"]
[ICCResult "Black forfeits on time"]
[WhiteElo "1663"]
[BlackElo "1359"]
[Opening "Queen's pawn, Mason variation"]
[ECO "D00"]
[NIC "QP.08"]
[Time "19:17:12"]
[TimeControl "180+0"]

1. d4 d5 2. Bf4 Nf6 3. e3 e6 4. Bd3 Bd6 5. Bxd6 Qxd6 6. f4 Nbd7 7. c3 c5 8.
Nd2 c4 9. Bc2 b5 10. Nh3 Bb7 11. O-O O-O 12. Qf3 a5 13. g4 h6 14. g5 hxg5
15. Nxg5 Ne4 16. Ndxe4 dxe4 17. Bxe4 Bxe4 18. Qxe4 Nf6 19. Qg2 Rfe8 20. e4
Qb6 21. Qh3 Kf8 22. e5 Nd5 23. Qh8+ Ke7 24. Qxg7 Rf8 25. f5 Ne3 26. fxe6
Nxf1 27. Rxf1 Rae8 28. Rxf7+ Kd8 29. Rxf8 Rxf8 30. Qxf8+ Kc7 31. Qe7+ Kb8
32. Qe8+ Ka7 33. e7 Qb7 34. Qd8 {Black forfeits on time} 1-0

[Event "ICCopen2017"]
[Site "Internet Chess Club"]
[Date "2017.03.26"]
[Round "2"]
[White "anakinnn"]
[Black "dynamo"]
[Result "0-1"]
[ICCResult "White resigns"]
[WhiteElo "1192"]
[BlackElo "1708"]
[Opening "Sicilian: Najdorf"]
[ECO "B90"]
[NIC "SI.14"]
[Time "19:17:34"]
[TimeControl "180+0"]

1. e4 c5 2. Nf3 d6 3. d4 cxd4 4. Nxd4 Nf6 5. Nc3 a6 6. f3 e6 7. Bc4 Be7 8.
Be3 Qc7 9. Bb3 Nc6 10. Nxc6 bxc6 11. f4 O-O 12. g4 Nd7 13. h4 d5 14. e5 Bb7
15. h5 c5 16. Bd2 d4 17. Rh3 dxc3 18. bxc3 c4 19. Ba4 Nc5 20. g5 Nxa4 21. g6
Rad8 22. gxh7+ Kxh7 23. Qg4 Qd7 24. Be3 Nxc3 25. Rg3 Rg8 26. Kf2 Ne4+ 27.
Kf3 Nf6+ {White resigns} 0-1

[Event "ICCopen2017"]
[Site "Internet Chess Club"]
[Date "2017.03.26"]
[Round "2"]
[White "MoonlightWizard"]
[Black "BlueJ"]
[Result "1-0"]
[ICCResult "Black checkmated"]
[WhiteElo "2792"]
[BlackElo "2024"]
[Opening "Sicilian, Szén (`anti-Taimanov') variation"]
[ECO "B44"]
[NIC "SI.39"]
[Time "19:18:04"]
[TimeControl "180+0"]

1. e4 c5 2. Nf3 e6 3. d4 cxd4 4. Nxd4 Nc6 5. Nb5 d6 6. Bf4 e5 7. Be3 Nf6 8.
Bg5 a6 9. N5c3 Be6 10. Bxf6 gxf6 11. Nd5 f5 12. exf5 Bxf5 13. c3 Bg7 14. Be2
O-O 15. O-O Be6 16. Na3 b5 17. Nc2 f5 18. f4 Rc8 19. Nce3 Ne7 20. Kh1 Kh8
21. Qd2 Nxd5 22. Nxd5 Rc5 23. Nb4 a5 24. Nd3 Rd5 25. Qe1 e4 26. Nf2 b4 27.
Bc4 bxc3 28. bxc3 Qf6 29. Bxd5 Bxd5 30. Nd1 Rg8 31. Ne3 Bb7 32. Rb1 Ba6 33.
c4 Qd4 34. Nxf5 Qxc4 35. Nxd6 Qxf1+ 36. Qxf1 Bxf1 37. Nf7# {Black
checkmated} 1-0

[Event "ICCopen2017"]
[Site "Internet Chess Club"]
[Date "2017.03.26"]
[Round "2"]
[White "checkmatiste"]
[Black "neverend"]
[Result "0-1"]
[ICCResult "White checkmated"]
[WhiteElo "1641"]
[BlackElo "2556"]
[Opening "Queen's pawn: Torre attack"]
[ECO "A46"]
[NIC "QP.04"]
[Time "19:17:02"]
[TimeControl "180+0"]

1. d4 Nf6 2. Nf3 e6 3. Bg5 c5 4. c3 cxd4 5. cxd4 Bb4+ 6. Nc3 h6 7. Bxf6 Qxf6
8. e3 O-O 9. Be2 d6 10. O-O Bxc3 11. bxc3 e5 12. Qb3 Nc6 13. d5 Na5 14. Qa4
b6 15. e4 Bg4 16. Rfe1 Rfc8 17. Rac1 Bxf3 18. Bxf3 Rc4 19. Qb5 Rac8 20. Be2
Rxc3 21. Rxc3 Rxc3 22. Qa6 Rc7 23. Bf3 Qf4 24. Qe2 g6 25. g3 Qf6 26. Bg2 Kg7
27. Qe3 Nc4 28. Qc1 Qd8 29. Qc3 Na5 30. Qb4 Rc5 31. h4 Qc7 32. Qa4 b5 33.
Qd1 Rc2 34. Qg4 Qc5 35. Rf1 Nc4 36. h5 g5 37. Qf5 Nd2 38. Re1 Rxa2 39. Kh2
Nc4 40. Rf1 Qd4 41. Qf3 Nd2 42. Qe3 Nxf1+ 43. Bxf1 Qxe3 44. Bg2 Qxf2 45. Kh3
Qxg2+ 46. Kg4 Qe2+ 47. Kf5 Qf3# {White checkmated} 0-1

[Event "ICCopen2017"]
[Site "Internet Chess Club"]
[Date "2017.03.26"]
[Round "2"]
[White "catshow"]
[Black "goodFriday"]
[Result "1-0"]
[ICCResult "Black forfeits on time"]
[WhiteElo "1817"]
[BlackElo "1263"]
[Opening "Sicilian: Najdorf, Byrne (English) attack"]
[ECO "B90"]
[NIC "SI.14"]
[Time "19:17:35"]
[TimeControl "180+0"]

1. e4 c5 2. Nf3 d6 3. d4 cxd4 4. Nxd4 Nf6 5. Nc3 a6 6. Be3 e5 7. Nb3 Be6 8.
h3 Be7 9. g4 O-O 10. g5 Ne8 11. h4 Qd7 12. Nd5 Bxd5 13. Qxd5 Nc6 14. Bh3 Qc7
15. h5 Nb4 16. Qd2 Nxc2+ 17. Kf1 Nxe3+ 18. Qxe3 Qd8 19. g6 h6 20. gxf7+ Kxf7
21. Nd2 Bg5 22. Qb3+ d5 23. exd5 Nd6 24. Be6+ Ke7 25. Nf3
{Black forfeits on time}
1-0

[Event "ICCopen2017"]
[Site "Internet Chess Club"]
[Date "2017.03.26"]
[Round "2"]
[White "egyptiantiger"]
[Black "Athena2020"]
[Result "1-0"]
[ICCResult "Black forfeits on time"]
[WhiteElo "1728"]
[BlackElo "1098"]
[Opening "QGD semi-Slav"]
[ECO "D43"]
[NIC "SL.03"]
[Time "19:17:06"]
[TimeControl "180+0"]

1. d4 d5 2. c4 c6 3. Nc3 Nf6 4. Nf3 e6 5. Bg5 Be7 6. e3 Nbd7 7. Bd3 dxc4 8.
Bxc4 O-O 9. O-O Re8 10. Re1 b5 11. Bd3 Bb7 12. a3 Rc8 13. e4 c5 14. Nxb5
cxd4 15. e5 Nd5 16. Bxe7 Qxe7 17. Nd6 Rcd8 18. Nxb7 Rb8 19. Nd6 Rf8 20. Nc4
Nf4 21. Re4 Nxd3 22. Qxd3 f5 23. exf6 Qxf6 24. Rxd4 {Black forfeits on time}
1-0

[Event "ICCopen2017"]
[Site "Internet Chess Club"]
[Date "2017.03.26"]
[Round "2"]
[White "Unico"]
[Black "JUGGERNOT"]
[Result "1-0"]
[ICCResult "Black resigns"]
[WhiteElo "2438"]
[BlackElo "1865"]
[Opening "English opening"]
[ECO "A20"]
[NIC "EO.24"]
[Time "19:18:01"]
[TimeControl "180+0"]

1. c4 e5 2. g3 Bc5 3. Bg2 c6 4. e3 f5 5. Ne2 Nf6 6. O-O O-O 7. Nbc3 d6 8. b3
Bb6 9. Ba3 Be6 10. d4 e4 11. d5 cxd5 12. Nf4 Bf7 13. Ncxd5 Nxd5 14. Nxd5
Bxd5 15. Qxd5+ Kh8 16. Qxb7 Nd7 17. Bxd6 Rf6 18. Rad1 Rf7 19. Qd5 Qe8 20. c5
Bd8 21. Qxa8 h6 22. c6 Nb6 23. c7 Nxa8 24. c8=Q Nb6 25. Qc5 Bf6 26. Qxf5 Nc8
27. Bxe4 g6 28. Qxg6 Nxd6 29. Rxd6 Be5 30. Re6 Qg8 31. Qxh6+ {Black resigns}
1-0

[Event "ICCopen2017"]
[Site "Internet Chess Club"]
[Date "2017.03.26"]
[Round "2"]
[White "niftyleopard"]
[Black "MikeWzd"]
[Result "0-1"]
[ICCResult "White checkmated"]
[WhiteElo "1241"]
[BlackElo "1758"]
[Opening "Robatsch defense: two knights variation"]
[ECO "B06"]
[NIC "KF.05"]
[Time "19:17:24"]
[TimeControl "180+0"]

1. e4 g6 2. d4 Bg7 3. Nf3 d6 4. Nc3 a6 5. Bc4 b5 6. Bd5 c6 7. Bb3 Bb7 8. O-O
Nd7 9. Re1 e5 10. d5 c5 11. a3 Ngf6 12. h3 O-O 13. Bg5 h6 14. Bh4 Qb6 15.
Bg3 Nh5 16. Qe2 c4 17. Ba2 Nc5 18. b3 Nxg3 19. fxg3 Nxe4+ 20. Qe3 Qxe3+ 21.
Rxe3 Nxc3 22. Rxc3 e4 23. Re3 Bxa1 24. Rxe4 Bxd5 25. Re7 Rfe8 26. Rxe8+ Rxe8
27. Kf2 Bxf3 28. gxf3 d5 29. bxc4 dxc4 30. Bb1 Bc3 31. g4 Kg7 32. Kg2 Kf6
33. h4 Ke5 34. Kh3 Kf4 35. Kg2 Re3 36. h5 Rxf3 37. hxg6 fxg6 38. Kh2 Rg3 39.
Kh1 Kf3 40. Kh2 Kxg4 41. Ba2 Kf3 42. a4 g5 43. axb5 axb5 44. Bb1 g4 45. Ba2
Bd4 46. c3 Rh3# {White checkmated} 0-1

[Event "ICCopen2017"]
[Site "Internet Chess Club"]
[Date "2017.03.26"]
[Round "2"]
[White "GYMEJR"]
[Black "manitodeplomo"]
[Result "0-1"]
[ICCResult "White resigns"]
[WhiteElo "1568"]
[BlackElo "2443"]
[Opening "Old Benoni defense"]
[ECO "A43"]
[NIC "OI.09"]
[Time "19:17:33"]
[TimeControl "180+0"]

1. d4 c5 2. Bf4 cxd4 3. Qxd4 Nc6 4. Qd1 e5 5. Bg3 d5 6. e3 Nf6 7. Bb5 Bd6 8.
Nd2 O-O 9. c3 Qb6 10. Bxc6 bxc6 11. Qc2 a5 12. Ngf3 Re8 13. O-O Ba6 14. Rfe1
Nd7 15. e4 f6 16. c4 d4 17. b3 Bb4 18. Red1 Nc5 19. Ne1 a4 20. Nd3 axb3 21.
Nxb3 Na4 22. a3 Bf8 23. f3 Nc3 24. Rd2 Bxc4 25. Bf2 Qxb3 26. Qxb3 Bxb3 27.
Rb2 Bc4 28. Nb4 Reb8 {White resigns} 0-1

[Event "ICCopen2017"]
[Site "Internet Chess Club"]
[Date "2017.03.26"]
[Round "2"]
[White "yozhik"]
[Black "UnderArmour"]
[Result "1-0"]
[ICCResult "Black checkmated"]
[WhiteElo "2718"]
[BlackElo "1958"]
[Opening "English: Neo-Catalan"]
[ECO "A13"]
[NIC "QP.11"]
[Time "19:17:08"]
[TimeControl "180+0"]

1. Nf3 Nf6 2. c4 e6 3. g3 d5 4. b3 c5 5. Bg2 Nc6 6. O-O Be7 7. e3 O-O 8. Bb2
d4 9. exd4 cxd4 10. Re1 a5 11. Na3 Bc5 12. Nb5 Qd7 13. Ne5 Nxe5 14. Rxe5 Bb6
15. d3 Rd8 16. Qd2 a4 17. b4 a3 18. Bxa3 Bc7 19. Ree1 e5 20. Bb2 Ra6 21.
Nxc7 Qxc7 22. b5 Re6 23. Rac1 b6 24. a4 Bb7 25. Bxb7 Qxb7 26. a5 e4 27. a6
Qa8 28. dxe4 Nxe4 29. Qf4 d3 30. Rcd1 d2 31. Re2 Nxg3 32. Qxg3 Rg6 33. Rexd2
Rxg3+ 34. hxg3 Re8 35. Bd4 Qa7 36. Be3 f6 37. Rd8 Kf7 38. R1d7+ Qxd7 39.
Rxd7+ Ke6 40. Rxg7 h5 41. Bxb6 Kf5 42. a7 Ke4 43. Rb7 Kf3 44. Be3 h4 45.
gxh4 Rg8+ 46. Kf1 Rd8 47. Ke1 f5 48. Rb8 Rd3 49. a8=Q+ Kg4 50. Rg8+ Kh3 51.
Qg2+ Kxh4 52. Qh2# {Black checkmated} 1-0

[Event "ICCopen2017"]
[Site "Internet Chess Club"]
[Date "2017.03.26"]
[Round "2"]
[White "Chaos23"]
[Black "TerryR"]
[Result "0-1"]
[ICCResult "White resigns"]
[WhiteElo "1845"]
[BlackElo "2257"]
[Opening "Queen's pawn"]
[ECO "A40"]
[NIC "QO.17"]
[Time "19:17:22"]
[TimeControl "180+0"]

1. d4 e6 2. g3 Nf6 3. Bg2 c5 4. c3 cxd4 5. cxd4 d5 6. Nc3 Nc6 7. Nf3 Bd6 8.
O-O O-O 9. Bg5 h6 10. Bxf6 Qxf6 11. Rc1 Qd8 12. e4 dxe4 13. Nxe4 Be7 14. Qb3
Qb6 15. Qxb6 axb6 16. a3 Rd8 17. Rfd1 Bd7 18. Ne5 Be8 19. Nxc6 bxc6 20. f4
Rac8 21. Kf2 Kf8 22. Ke3 Rd7 23. Nf2 Rdc7 24. Ng4 c5 25. d5 exd5 26. Bxd5 c4
27. Ne5 b5 28. Ke4 g6 29. g4 c3 30. b4 Ra7 31. Rc2 Rxa3 32. f5 gxf5+ 33.
gxf5 Ra4 34. Nd3 Bxb4 35. Nxb4 Rxb4+ 36. Ke5 Rh4 37. Rd3 b4 38. Rd4 Rxd4 39.
Kxd4 Ba4 40. Rg2 c2 {White resigns} 0-1

[Event "ICCopen2017"]
[Site "Internet Chess Club"]
[Date "2017.03.26"]
[Round "2"]
[White "starfiasch"]
[Black "DropZone"]
[Result "0-1"]
[ICCResult "White forfeits on time"]
[WhiteElo "1562"]
[BlackElo "2100"]
[Opening "Réti: King's Indian attack (Barcza system)"]
[ECO "A07"]
[NIC "QP.09"]
[Time "19:16:57"]
[TimeControl "180+0"]

1. Nf3 d5 2. g3 c6 3. Bg2 Bf5 4. O-O e6 5. d3 Nf6 6. Nc3 h6 7. Nd2 Be7 8. e4
Bh7 9. e5 Nfd7 10. f4 c5 11. Ne2 Nc6 12. Nf3 O-O 13. c3 Rc8 14. Be3 a6 15.
Bf2 b5 16. a3 a5 17. g4 b4 18. h4 f6 19. exf6 Bxf6 20. g5 hxg5 21. hxg5 Be7
22. Bh3 e5 23. Be6+ Kh8 24. Bxd5 exf4 25. Kg2 Bxg5 26. Rh1 Bh6 27. Rxh6 gxh6
28. Qh1 Rg8+ 29. Bxg8 Qxg8+ 30. Kf1 Qg7 31. Nxf4 Nde5 32. Re1 Nxd3 33. Nxd3
Bxd3+ {White forfeits on time} 0-1